Map: Prion Terraces

Players

LiquidSnute (Snute) - Winner!

  • Race: Zerg Zerg
  • League: Grandmaster

GunGFuBanDa

  • Race: Protoss Protoss
  • League: Grandmaster

Event: Homestory Cup XII

VOD

Have the link to the VOD?

Description

Time

  • Played on: Dec. 18, 2015, 3:42 p.m.
  • Length: 13:56

All games in this series

Show
View Real Time Build Order
Export as new Build Order

LiquidSnute Zerg - Winner!

Build Orders: Pool First 

Get SALT Encoding   

  12  0:18  Spawning Pool  
  11  0:22  Drone  
  11  0:27  Drone  
  13  0:31  Drone  
  14  0:40  Overlord  
  14  1:05  Zergling x6, Queen  
  19  1:16  Zergling x2  
  20  1:27  Zergling x2  
  21  1:36  Hatchery  
  21  1:38  Zergling x2  
  21  1:48  Overlord  
  21  1:59  Drone  
  22  2:10  Drone  
  22  2:12  Drone  
  22  2:13  Drone x2  
  26  2:16  Queen  
  28  2:23  Overlord  
  27  2:38  Drone  
  28  2:47  Drone x3, Extractor  
  28  2:49  Drone  
  31  2:55  Extractor  
  30  3:00  Roach Warren  
  30  3:01  Drone  
  30  3:02  Drone  
  30  3:12  Queen  
  30  3:17  Drone  
  33  3:21  Drone  
  33  3:23  Drone  
  33  3:24  Overlord  
  35  3:30  Overlord  
  35  3:37  Metabolic Boost  
  37  3:41  Roach  
  37  3:47  Zergling x4  
  38  3:49  Zergling x6  
  40  3:58  Zergling x6  
  43  4:04  Ravager  
  43  4:06  Roach  
  43  4:07  Roach  
  47  4:12  Zergling x2  
  47  4:13  Zergling x2  
  48  4:22  Drone x2  
  48  4:27  Ravager  
  48  4:30  Ravager  
  50  4:32  Spore Crawler  
  50  4:33  Spore Crawler, Zergling x4  
  50  4:36  Zergling x2  
  51  4:41  Drone x3  
  53  4:56  Hatchery  
  53  4:59  Zergling x2  
  54  5:00  Zergling x6  
  54  5:04  Lair  
  55  5:08  Drone x2  
  56  5:25  Zergling x8  
  59  5:33  Drone x2  
  60  5:36  Overlord x2  
  60  5:37  Extractor  
  60  5:39  Drone, Extractor  
  60  5:40  Drone  
  60  5:48  Overlord  
  59  5:50  Evolution Chamber  
  59  5:54  Drone x2  
  60  6:03  Drone  
  61  6:05  Drone x2  
  61  6:06  Drone  
  64  6:11  Drone x3  
  64  6:12  Drone x2, Glial Reconstitution  
  69  6:19  Drone x2  
  69  6:20  Drone  
  69  6:21  Zerg Missile Weapons Level 1  
  72  6:27  Roach  
  72  6:29  Roach  
  72  6:31  Roach  
  78  6:35  Roach  
  78  6:36  Roach x2  
  84  6:40  Overlord  
  84  6:41  Roach  
  84  6:42  Roach  
  88  6:50  Ravager  
  88  6:51  Overlord  
  89  6:59  Ravager x5  
  94  7:01  Roach  
  96  7:11  Zergling x10  
  96  7:12  Zergling x8  
  101  7:30  Zergling x10  
  101  7:34  Overlord x3  
  106  7:38  Hydralisk Den  
  106  7:41  Extractor  
  106  7:42  Extractor  
  100  7:53  Spire  
  96  8:00  Zergling x2  
  96  8:01  Zergling x16  
  97  8:08  Muscular Augments  
  93  8:16  Hydralisk x7  
  105  8:25  Hydralisk x3  
  111  8:34  Ravager  
  111  8:35  Ravager  
  113  8:41  Hydralisk x2  
  113  8:42  Hydralisk  
  113  8:47  Overlord, Ravager  
  120  8:55  Zergling x8  
  123  9:03  Zergling x2  
  123  9:04  Zergling x4  
  126  9:14  Mutalisk x2  
  130  9:18  Mutalisk  
  132  9:28  Mutalisk  
  134  9:34  Mutalisk  
  106  9:55  Mutalisk x4  
  104  10:09  Zergling x8  
  96  10:14  Zergling x4  
  89  10:39  Zergling x2  
  89  10:40  Zergling x16  
  95  10:47  Mutalisk  
Show
View Real Time Build Order
Export as new Build Order

GunGFuBanDa Protoss 

Build Orders:  

Get SALT Encoding   

  12  0:00  Probe (Chrono Boost)  
  13  0:11  Probe (Chrono Boost)  
  14  0:17  Pylon  
  14  0:21  Probe (Chrono Boost)  
  15  0:35  Probe (Chrono Boost)  
  16  0:38  Gateway  
  16  0:41  Assimilator  
  16  0:46  Probe (Chrono Boost)  
  17  0:51  Assimilator  
  17  0:56  Probe (Chrono Boost)  
  18  1:04  Gateway  
  18  1:08  Probe (Chrono Boost)  
  20  1:18  Probe (Chrono Boost)  
  20  1:25  Cybernetics Core  
  20  1:30  Probe (Chrono Boost)  
  21  1:43  Zealot (Chrono Boost)  
  23  1:48  Pylon  
  23  1:52  Probe  
  23  1:58  Pylon  
  23  2:06  Pylon  
  23  2:13  Mothership Core (Chrono Boost)  
  25  2:16  Warp Gate (Chrono Boost)  
  25  2:25  Stalker (Chrono Boost)  
  27  2:36  Stalker (Chrono Boost)  
  29  2:37  Probe (Chrono Boost)  
  30  2:48  Probe  
  31  2:57  Stalker (Chrono Boost)  
  33  3:04  Stalker (Chrono Boost)  
  35  3:06  Probe  
  36  3:24  Nexus  
  36  3:29  Pylon  
  36  3:33  Probe  
  37  3:45  Probe  
  38  3:57  Probe  
  38  3:58  Pylon  
  39  4:08  Gateway  
  39  4:09  Gateway, Probe (Chrono Boost)  
  40  4:21  Probe (Chrono Boost)  
  39  4:26  Sentry x2  
  44  4:31  Probe (Chrono Boost)  
  44  4:41  Probe (Chrono Boost)  
  44  4:42  Probe (Chrono Boost)  
  44  4:44  Robotics Facility  
  46  4:51  Probe (Chrono Boost)  
  47  4:56  Sentry  
  47  4:57  Stalker  
  47  4:59  Probe (Chrono Boost)  
  50  5:02  Probe (Chrono Boost), Pylon  
  51  5:09  Probe (Chrono Boost)  
  51  5:10  Pylon  
  51  5:12  Probe (Chrono Boost)  
  51  5:14  Adept  
  55  5:15  Adept  
  55  5:19  Pylon  
  57  5:25  Assimilator  
  57  5:26  Pylon  
  57  5:27  Probe (Chrono Boost)  
  57  5:28  Stalker  
  58  5:32  Adept  
  60  5:36  Pylon  
  60  5:39  Immortal (Chrono Boost)  
  60  5:41  Sentry  
  66  5:48  Stalker, Probe, Pylon  
  69  5:54  Pylon  
  69  5:55  Adept  
  70  6:14  Warp Prism (Chrono Boost)  
  70  6:17  Nexus  
  72  6:25  Probe  
  72  6:27  Probe  
  72  6:29  Forge  
  74  6:33  Pylon  
  74  6:37  Pylon  
  75  6:47  Observer (Chrono Boost)  
  75  6:48  Stalker x3, Adept  
  75  6:52  Probe  
  75  6:53  Probe  
  85  6:56  Twilight Council  
  85  7:00  Pylon  
  85  7:04  Photon Cannon  
  85  7:05  Protoss Ground Weapons Level 1 (Chrono Boost)  
  84  7:10  Adept  
  86  7:24  Robotics Bay  
  82  7:32  Probe x3  
  82  7:34  Immortal  
  85  7:42  Assimilator  
  89  7:44  Probe  
  90  7:55  Adept  
  90  7:56  Adept  
  90  7:58  Adept  
  92  7:59  Probe  
  89  8:06  Probe  
  89  8:07  Probe  
  91  8:15  Pylon  
  91  8:16  Photon Cannon  
  91  8:22  Probe x2  
  91  8:23  Probe  
  91  8:24  Pylon  
  91  8:26  Gateway  
  94  8:28  Disruptor, Pylon  
  94  8:34  Probe x3  
  97  8:35  Stalker x3  
  97  8:36  Zealot  
  97  8:41  Assimilator  
  108  8:42  Assimilator  
  108  8:46  Probe x2  
  108  8:47  Gateway  
  110  8:51  Stargate  
  110  8:55  Pylon  
  110  8:58  Photon Cannon  
  110  9:00  Disruptor  
  111  9:14  Zealot  
  111  9:24  Gateway  
  111  9:25  Gateway, Photon Cannon  
  111  9:31  Disruptor  
  111  9:33  Stalker x3  
  120  9:43  Pylon  
  98  9:55  Stalker x2  
  90  10:03  Stalker x2  
  90  10:05  Stalker  
  76  10:09  Probe  
  76  10:10  Probe  
  56  10:15  Disruptor  
  56  10:16  Stalker  
  56  10:17  Stalker  
  53  10:23  Stalker  
  35  10:36  Stalker x2  
Tags
 
Add a new tag
Caveats
  • Supply blocks, unpowered buildings, or Contaminate may cause inaccurate times.
  • Supply counts are checked every 10 seconds.